 Dungeon Crawl Stone Soup version 0.21-a0-450-gd87a9b2 (webtiles) character file.

75 namelastname112 the Chiller (level 4, -3/30 HPs)
             Began as a Formicid Ice Elementalist on Nov 19, 2017.
             Slain by zkyp's ghost (12 damage)
             ... on level 3 of the Dungeon.
             The game lasted 00:03:44 (2488 turns).

namelastname112 the Chiller (FoIE)                  Turns: 2488, Time: 00:03:46

Health: -3/30      AC:  2    Str: 13    XL:     4   Next: 55%
Magic:  0/8        EV: 12    Int: 15    God:
Gold:   120        SH:  0    Dex: 11    Spells: 6/9 levels left

rFire    . . .     SeeInvis +   f - +0 dagger
rCold    . . .     Gourm    .   (no shield)
rNeg     . . .     Faith    .   a - +0 robe
rPois    +         Spirit   .   (helmet unavailable)
rElec    .         Reflect  .   (no cloak)
rCorr    .         Harm     .   (no gloves)
MR       .....                  (no boots)
Stlth    ++........             (no amulet)
HPRegen  0.10/turn              o - ring of poison resistance
MPRegen  0.11/turn              (no ring)

@: no status effects
A: permanent stasis, dig shafts and tunnels, four strong arms, antennae 3
a: Dig, Shaft Self


You were on level 3 of the Dungeon.
You were hungry.

You visited 1 branch of the dungeon, and saw 3 of its levels.

You collected 120 gold pieces.

Inventory:

Hand Weapons
 f - a +0 dagger (weapon)
Armour
 a - a +0 robe (worn)
Jewellery
 o - a ring of poison resistance (left hand)
Scrolls
 e - 4 scrolls of teleportation {unknown}
 h - a scroll of recharging {unknown}
 l - 2 scrolls of remove curse {unknown}
 m - a scroll of identify {unknown}
 n - a scroll of blinking {unknown}
 p - a scroll of enchant armour {unknown}
 s - a scroll of immolation {unknown}
 t - a scroll of amnesia {unknown}
Potions
 d - 2 potions of haste {unknown}
 g - 3 potions of curing {unknown}
 i - a potion of cancellation {unknown}
 k - 2 potions of brilliance {unknown}
Books
 b - a book of Frost

   Spells                             Type                      Level
   a - Freeze                         Ice                          1
   b - Throw Frost                    Conjuration/Ice              2
   c - Ozocubu's Armour               Charms/Ice                   3
   d - Throw Icicle                   Conjuration/Ice              4
   e - Summon Ice Beast               Ice/Summoning                4
Comestibles
 c - 4 bread rations
 j - a meat ration
 q - 4 fruits
 r - a royal jelly


   Skills:
 + Level 0.3 Short Blades
 + Level 2.0 Dodging
 + Level 2.7 Stealth
 + Level 0.1 Unarmed Combat
 + Level 3.1 Spellcasting
 + Level 0.8 Conjurations
 + Level 4.1 Ice Magic


You had 6 spell levels left.
You knew the following spells:

 Your Spells              Type           Power        Failure   Level  Hunger
x - Throw Frost           Conj/Ice       #.....       11%         2    ##.....
z - Freeze                Ice            ##..         3%          1    #......


Dungeon Overview and Level Annotations

Branches:
Dungeon (3/15)

Altars:
Qazlal

Annotations:
D:3 2 transporters, zkyp's ghost, amateur FoMo


Innate Abilities, Weirdness & Mutations

You cannot be hasted, slowed, berserked, paralysed or teleported.
You can dig through walls and to a lower floor.
Your four strong arms can wield two-handed weapons with a shield.
You have a pair of large antennae on your head. (SInv)


Message History

Casting: Freeze
Confirm with . or Enter, or press ? or * to list all spells.
Aiming: Freeze
Press: ? - help, Shift-Dir - straight line, f/p - zkyp's ghost
Aim: zkyp's ghost (severely damaged)
You freeze zkyp's ghost.
Zkyp's ghost is almost destroyed.
Zkyp's ghost hits you.
* * * LOW HITPOINT WARNING * * *
You take 4 damage, and have 8/30 hp.
You now have 0/8 mp.
Zkyp's ghost says, "I'll split you in two!"
Casting: Freeze
Confirm with . or Enter, or press ? or * to list all spells.
Aiming: Freeze
Press: ? - help, Shift-Dir - straight line, f/p - zkyp's ghost
Aim: zkyp's ghost (almost destroyed)
You freeze zkyp's ghost.
Zkyp's ghost is almost destroyed.
Zkyp's ghost hits you!
You die...

...≈.#.##.......###...#####.#
#+####.##.......#.....#.....#
.(..≈#.##.......#.#####.#########
$©$P8#.##.....).#.#####.##.......
######.##.......#.#..............
.©.....##..(....#''..............
...######..................######
#.#######...............(........
#[..............@W......(........
#######.........###.)............
#.................(........
#........>...#.....(.......
#............#.............
#########....######........
#.)..# #........ #....# #........
#....# #........


You could see zkyp's ghost.

Vanquished Creatures
  An adder (D:3)
  2 worms (D:2)
  2 dart slugs
  3 leopard geckos
  An orc (D:3)
  4 bats
  3 giant cockroaches
  10 goblins
  3 hobgoblins
  3 jackals (D:3)
  4 kobolds
  A quokka (D:3)
  A ball python (D:3)
  2 frilled lizards
  11 rats
51 creatures vanquished.

Notes
Turn   | Place    | Note
-------+----------+-------------------------------------------
     0 | D:1      | namelastname112 the Formicid Ice Elementalist began the quest for the Orb.
     0 | D:1      | Reached XP level 1. HP: 13/13 MP: 3/3
   231 | D:1      | Reached XP level 2. HP: 19/19 MP: 1/5
   978 | D:2      | Reached XP level 3. HP: 14/24 MP: 0/6
  1230 | D:2      | Learned a level 2 spell: Throw Frost
  1769 | D:3      | Reached XP level 4. HP: 24/30 MP: 3/8
  1817 | D:3      | Found a stormy altar of Qazlal.
  1897 | D:3      | Reached skill level 4 in Ice Magic
  2134 | D:3      | Found a transporter.
  2150 | D:3      | Found a transporter.
  2398 | D:3      | Noticed zkyp's ghost (amateur FoMo)
  2488 | D:3      | Slain by zkyp's ghost

Vault maps used:
D:1:      zelgadis_glass_arrival_small, serial_bayou_pond_d, glass_columns_b
D:2:      grunt_ministairs_11
D:3:      gammafunk_wand_slinger, nicolae_overflow_crystal_walls,
          kennysheep_decorative_pillar, minmay_misc_feat_cross

Skill      XL: |  1  2  3  4 |
---------------+-------------+-----
Dodging        | 2 |  2.0
Spellcasting   | 3 |  3.1
Ice Magic      | 4 |  4.1
Short Blades   | |  0.3
Stealth        | |  2.7
Unarmed Combat | |  0.1
Conjurations   | |  0.8

Action                   |  1- 3 |  4- 6 || total
-------------------------+-------+-------++-------
Melee: Unarmed           |     5 |       ||     5
       Dagger            |    43 |    17 ||    60
 Cast: Freeze            |    52 |    30 ||    82
       Throw Frost       |       |     3 ||     3
 Stab: Sleeping          |     1 |       ||     1
  Eat: Chunk             |     3 |     2 ||     5
Armor: Robe              |    11 |     3 ||    14
Dodge: Dodged            |    60 |    24 ||    84

Table legend:
 A = Spawn XP
 B = Non-spawn XP
 C = Spawn XP percentage of total XP
 D = Spawn monster count
 E = Non-spawn monster count
 F = Spawn count percentage of total count
 G = Total turns spent on level
                    A         B        C        D         E        F      G
               +---------+---------+-------+---------+---------+-------+---------
         Total |       0 |     108 |   0.0 |       0 |      51 |   0.0 |  2488
               +---------+---------+-------+---------+---------+-------+---------
           D:1 |       0 |      27 |   0.0 |       0 |      15 |   0.0 |   929
           D:2 |       0 |      37 |   0.0 |       0 |      16 |   0.0 |   807
           D:3 |       0 |      44 |   0.0 |       0 |      20 |   0.0 |   752
               +---------+---------+-------+---------+---------+-------+---------
